 Dungeon Crawl Stone Soup version 0.16-a0-3154-g62f4276 (console) character file.

1976 GreatCaesar the Cleaver (level 9, -1/55 HPs)
             Began as a Lacertilian Berserker on Dec 24, 2014.
             Was a High Priest of Trog.
             Slain by a centaur (11 damage)
             ... on level 7 of the Dungeon.
             The game lasted 00:32:24 (7192 turns).

GreatCaesar the Cleaver (Lacertilian Berserker)     Turns: 7192, Time: 00:32:24

Health: -1/55      AC: 11    Str: 17    XL:     9   Next: 0%
Magic:  7/7        EV: 10    Int:  7    God:    Trog [*****.]
Gold:   340        SH:  0    Dex: 17    Spells: 0 memorised, 8 levels left

rFire  . . .     SeeInvis .     a - +3 battleaxe (venom)
rCold  + . .     Clarity  .     l - +0 scale mail (curse)
rNeg   . . .     SustAb   .     (no shield)
rPois  .         Gourm    .     h - +2 helmet
rElec  .         Spirit   .     (no cloak)
rCorr  .         Warding  .     g - +1 pair of gloves
rMut   .         Stasis   .     (no boots)
MR     ++...                    (no amulet)
Stlth  ++........               F - -3 ring of protection (curse)
                                E - ring of flight

@: regenerating, very resistant to hostile enchantments, unstealthy
A: strong connection with the divine, slimy green scales 2, camouflage 2, cold
resistance 1
a: Burn Spellbooks, Berserk, Trog's Hand, Brothers in Arms, Renounce Religion,
Evoke Flight


You were on level 7 of the Dungeon.
You worshipped Trog.
Trog was extremely pleased with you.
You were very hungry.

You visited 2 branches of the dungeon, and saw 8 of its levels.
You also visited: Sewer.

You collected 340 gold pieces.

Inventory:

Hand weapons
 a - a +3 battleaxe of venom (weapon)
 b - a +3 antimagic broad axe
 o - a +2 whip of flaming
 q - the +4 dagger of Overwhelming Force {venom, rF+ MR+ Dex+1, unknown}
   (You found it on level 5 of the Dungeon)

   It poisons the flesh of those it strikes.
   It affects your dexterity (+1).
   It protects you from fire.
   It affects your resistance to hostile enchantments.
 D - a +0 shortbow
 M - a +1 whip of electrocution
 N - a +1 spear of freezing
 U - a +0 war axe
Missiles
 k - 215 stones
 v - 67 arrows
 w - 14 sling bullets
 x - 4 large rocks
 y - 3 tomahawks of dispersal
 A - 12 sling bullets of frost
 C - 14 poisoned arrows
 H - 13 arrows of frost
 K - 5 poisoned tomahawks
 O - 6 poisoned javelins (quivered)
Armour
 d - a +0 chain mail
 g - a +1 pair of gloves (worn)
 h - a +2 helmet (worn)
 l - a cursed +0 scale mail (worn)
Jewellery
 E - a ring of flight (left hand)
 F - a cursed -3 ring of protection (right hand)
Magical devices
 u - a wand of draining (9)
Scrolls
 e - 6 scrolls of teleportation
 i - 3 scrolls of immolation
 m - 13 scrolls of identify
 p - 3 scrolls of fog
 B - a scroll of magic mapping
 G - 3 scrolls of enchant weapon
 I - a scroll of fear {unknown}
Potions
 n - 2 potions of curing
 r - a potion of restore abilities
 s - a potion of mutation
 t - a potion of agility
 z - 3 potions of flight
Books
 j - a Young Poisoner's Handbook

   Spells                             Type                      Level
   a - Sting                          Conjuration/Poison           1
   b - Cure Poison                    Poison                       2
   c - Mephitic Cloud                 Conjuration/Poison/Air       3
   d - Olgreb's Toxic Radiance        Poison                       4
   e - Venom Bolt                     Conjuration/Poison           5
   Trog disapproves of the use of such an item.
Comestibles
 c - 5 bread rations
 f - 7 fruits
 L - 2 slices of pizza
 S - 2 meat rations


   Skills:
 - Level 2.4 Fighting
 + Level 11.0 Axes
 - Level 2.0 Armour
 - Level 2.0 Dodging


You had 8 spell levels left.
You didn't know any spells.

Dungeon Overview and Level Annotations

Branches:
Dungeon (7/15)             Temple (1/1) D:5

Altars:
Ashenzari
Cheibriados
Elyvilon
Fedhas
Gozag
Kikubaaqudgha
Makhleb
Nemelex Xobeh
Okawaru
Qazlal
Ru
Sif Muna
Trog
Vehumet
Xom
Yredelemnul
Zin
The Shining One

Annotations:
D:5 Grinder
D:7 runed door


Innate Abilities, Weirdness & Mutations

You have a strong connection with the divine.
You may change religions without suffering divine wrath.
You are mostly covered in slimy green scales (AC +3).
Your skin blends seamlessly with your surroundings (Stealth).
Your flesh is cold resistant.


Message History

The orc warrior barely misses you.
You hit the orc warrior.
The orc warrior looks even sicker.
The orc warrior is heavily wounded.
You barely miss the centaur.
The centaur unwields an uncursed shortbow.
The centaur hits you!
* * * LOW HITPOINT WARNING * * *
The centaur hits you!
* * * LOW HITPOINT WARNING * * *
The orc warrior completely misses you.
Use which ability? (? or * to list)
Your skin crawls.
You feel resistant to hostile enchantments.
You feel slightly more hungry. The centaur closely misses you.
You barely miss the orc warrior.
The orc warrior is severely wounded.
You slash the centaur!
The centaur is poisoned.
The centaur is heavily wounded.
The centaur hits you!
You die...

.. +....##..#
#..# ... #....#..
##.#
....#######....#.
#.#
#.............).#
#.#
#...............#
##.##
########'########
#...#
#.............#
#....
###.#####(....##
#.... ##@..>.#
#####
#...co##...#
#........ .#.#
#......... . .#
........... .
...........
...........
......... ...


You could see an orc warrior and a centaur.

Vanquished Creatures
  Pikel (D:5)
  A wyvern (D:6)
  A sky beast (D:6)
  4 slaves (D:5)
  An ogre (D:7)
  A centaur (D:6)
  An orc warrior (D:7)
  3 giant frogs
  A goliath beetle (D:6)
  A hound (D:7)
  2 giant frog skeletons (D:7)
  A gnoll shaman (D:4)
  2 iguanas (D:4)
  A centaur skeleton (D:7)
  3 worker ants
  Natasha (twice) (D:5)
  A hound zombie (D:5)
  2 worker ant zombies
  Robin (D:2)
  11 adders
  8 gnolls
  2 giant mites
  7 worms
  3 giant geckos
  6 oozes
  12 orcs
  4 ball pythons
  7 giant cockroaches
  20 goblins
  19 hobgoblins
  19 jackals
  10 kobolds
  3 quokkas (D:3)
  23 bats
  11 giant newts
  11 rats
206 creatures vanquished.

Vanquished Creatures (collateral kills)
  A hound (D:6)
1 creature vanquished.

Grand Total: 207 creatures vanquished

Notes
Turn   | Place    | Note
--------------------------------------------------------------
     0 | D:1      | GreatCaesar, the Lacertilian Berserker, began the quest for the Orb.
     0 | D:1      | Reached XP level 1. HP: 15/15 MP: 1/1
    53 | D:1      | Reached skill level 3 in Axes
    62 | D:1      | Reached XP level 2. HP: 20/20 MP: 2/2
   215 | D:1      | Acquired Trog's second power
   534 | D:1      | Reached XP level 3. HP: 20/25 MP: 3/3
   915 | D:2      | Reached skill level 4 in Axes
  1007 | D:2      | Noticed Robin
  1067 | D:2      | Killed Robin
  1067 | D:2      | Reached XP level 4. HP: 30/30 MP: 3/3
  1089 | D:2      | Acquired Trog's third power
  1932 | D:3      | Found a glowing drain.
  1984 | D:3      | Reached skill level 5 in Axes
  2026 | Sewer    | Entered a sewer
  2030 | Sewer    | Received a gift from Trog
  2091 | Sewer    | Reached XP level 5. HP: 33/35 MP: 4/4
  2705 | D:3      | Received a gift from Trog
  2707 | D:3      | Found a shattered altar of Ashenzari.
  3180 | D:3      | Reached skill level 6 in Axes
  3656 | D:3      | Received a gift from Trog
  3703 | D:3      | Reached XP level 6. HP: 37/41 MP: 5/5
  3831 | D:3      | Found an iron altar of Okawaru.
  3876 | D:3      | Received a gift from Trog
  3921 | D:3      | Found a glowing golden altar of the Shining One.
  4683 | D:4      | Reached skill level 7 in Axes
  4834 | D:5      | Entered Level 5 of the Dungeon
  4924 | D:5      | Found a staircase to the Ecumenical Temple.
  4934 | Temple   | Entered the Ecumenical Temple
  5251 | D:5      | Noticed Grinder
  5269 | D:5      | Gained mutation: Your flesh is cold resistant. [potion of mutation]
  5269 | D:5      | Gained mutation: You can translocate small distances at will. [potion of mutation]
  5269 | D:5      | Gained mutation: You tend to lose your temper in combat. [potion of mutation]
  5286 | D:5      | Found a bloodstained altar of Trog.
  5354 | D:5      | Gained mutation: Your skin blends seamlessly with your surroundings (Stealth). [lacertilian growth]
  5354 | D:5      | Reached XP level 7. HP: 40/45 MP: 5/5
  5628 | D:5      | Noticed Natasha
  5645 | D:5      | Killed Natasha
  5657 | D:5      | Noticed Pikel
  5733 | D:5      | Killed Pikel
  5733 | D:5      | Reached skill level 9 in Axes
  5733 | D:5      | Reached XP level 8. HP: 51/51 MP: 6/6
  5933 | D:5      | Got a pitted dagger
  6160 | D:5      | Noticed Natasha
  6162 | D:5      | Killed Natasha
  6162 | D:5      | Received a gift from Trog
  6250 | D:6      | Reached skill level 10 in Axes
  6626 | D:7      | Lost mutation: You can translocate small distances at will. [potion of cure mutation]
  6626 | D:7      | Lost mutation: You tend to lose your temper in combat. [potion of cure mutation]
  6687 | D:7      | Found an opulent altar of Gozag.
  6954 | D:7      | Found a stormy altar of Qazlal.
  7024 | D:7      | Reached skill level 11 in Axes
  7024 | D:7      | Reached XP level 9. HP: 50/55 MP: 7/7
  7155 | D:7      | Found a runed door.
  7192 | D:7      | Slain by a centaur

Action                   |  1- 3 |  4- 6 |  7- 9 || total
-------------------------+-------+-------+-------++-------
Melee: Hand axe          |   143 |   298 |       ||   441
       Broad axe         |       |    59 |     2 ||    61
       War axe           |       |    26 |    86 ||   112
       Battleaxe         |       |       |    71 ||    71
Throw: Javelin           |       |    12 |       ||    12
       Tomahawk          |       |     7 |       ||     7
       Stone             |       |     1 |       ||     1
Invok: Trog's Hand       |     1 |     3 |     2 ||     6
       Berserk           |       |     2 |     3 ||     5
       Brothers in Arms  |       |       |     1 ||     1
  Use: Potion            |       |     8 |     2 ||    10
       Scroll            |       |     9 |     3 ||    12
 Stab: Distracted        |     1 |       |       ||     1
       Sleeping          |     1 |       |       ||     1
  Eat: Chunk             |       |    12 |    10 ||    22
       Meat ration       |       |     1 |       ||     1
